 Dungeon Sprint DCSS version 0.21-a0-91-ga5031da (webtiles) character file.

132 Kidiri the Sneak (level 4, -1/23 HPs)
             Began as a Spriggan Enchanter on June 30, 2017.
             Slain by a neqoxec (5 damage)
             ... while paralysed
             ... in the Dungeon (Sprint II: "The Violet Keep of Menkaure").
             The game lasted 00:00:24 (25 turns).

Kidiri the Sneak (Spriggan Enchanter)                 Turns: 25, Time: 00:00:25

Health: -1/23      AC:  2    Str:  0    XL:     4   Next: 92%
Magic:  6/12       EV:  4    Int: 14    God:
Gold:   0          SH:  0    Dex: 17    Spells: 13/14 levels left

rFire    . . .     SeeInvis +   a - +1 dagger
rCold    . . .     Gourm    .   (shield restricted)
rNeg     . . .     Faith    .   b - +0 robe
rPois    .         Spirit   .   (helmet restricted)
rElec    .         Reflect  .   (no cloak)
rCorr    .         Harm     .   (gloves unavailable)
MR       .....     NoTele   +   (boots unavailable)
Stlth    ++++......             (no amulet)
HPRegen  0.01/turn              (no ring)
MPRegen  0.13/turn              (no ring)

@: paralysed, berserk cooldown, slowed, lost strength, very quick
A: unfitting armour, see invisible, dopey 1, herbivore 3, speed 3, slow
metabolism 2, weak 2, no potion heal 1, subdued magic 1
a: no special abilities


You were in the Dungeon.
You were not hungry.

You visited 1 branch

Inventory:

Hand Weapons
 a - a +1 dagger (weapon)
Armour
 b - a +0 robe (worn)
Scrolls
 j - a scroll of blinking
Potions
 e - a potion of curing
 f - a potion of heal wounds
 g - a potion of haste
 h - 2 potions of magic
Books
 c - a book of Maledictions

   Spells                             Type                      Level
   a - Corona                         Hexes                        1
   b - Ensorcelled Hibernation        Hexes/Ice                    2
   c - Confuse                        Hexes                        3
   d - Tukima's Dance                 Hexes                        3
   e - Dazzling Spray                 Conjuration/Hexes            3
Comestibles
 d - a bread ration


   Skills:
 + Level 2.0 Fighting
 * Level 4.4 Short Blades
 + Level 1.9 Armour
 * Level 6.6 Dodging
 * Level 7.6 Stealth
 * Level 5.7 Spellcasting
 + Level 5.1 Hexes


You had 13 spell levels left.
You knew the following spells:

 Your Spells              Type           Power        Failure   Level  Hunger
a - Corona                Hex            ##.....      1%          1    None


Dungeon Overview and Level Annotations

Branches:
Dungeon (1/1)

Altars:


Innate Abilities, Weirdness & Mutations

You are very small and have problems with some larger weapons.
You are too small for most types of armour.
You have supernaturally acute eyesight. (SInv)
You are a herbivore.
You cover ground extremely quickly.
You need consume almost no food.
You are dopey. (Int -2)
You are very weak. (Str -4)
Potions are less effective at restoring your health.
Your spells are a little easier to cast, but a little less powerful.


Message History

The neqoxec gestures.
You hit the neqoxec.
The neqoxec is almost dead.
You closely miss the neqoxec.
The neqoxec is almost dead.
The neqoxec gestures at you.
Strange energies course through your body.
You feel weaker.
You completely miss the neqoxec.
The neqoxec is almost dead.
The iron imp disappears in a puff of smoke!
The iron imp completely misses you.
The iron imp grins evilly.
The iron imp completely misses you.
You barely miss the neqoxec.
The neqoxec is almost dead.
You are no longer berserk.
You are exhausted.
You have lost your strength.
You feel yourself slow down. The neqoxec hits you.
You die... ### ## .5##. ยง33 #3# ##@## +5<5+ ##.## #+#

You could see 3 neqoxecs, 2 iron imps and a shadow imp.

Vanquished Creatures
  A neqoxec (D)
1 creature vanquished.

Notes
Turn   | Place    | Note
-------+----------+-------------------------------------------
     0 | D        | Kidiri the Spriggan Enchanter began the quest for the Orb.
     0 | D        | Reached XP level 1. HP: 9/9 MP: 5/5
     1 | D        | Noticed a neqoxec
     1 | D        | Noticed a neqoxec
     1 | D        | Noticed a neqoxec
     1 | D        | Noticed a neqoxec
     2 | D        | Noticed an iron imp
     2 | D        | Noticed an iron imp
     3 | D        | Gained mutation: You are weak. (Str -2) [a neqoxec]
    13 | D        | Noticed an iron imp
    13 | D        | Noticed a quasit
    13 | D        | Killed a neqoxec
    13 | D        | Reached skill level 1 in Armour
    13 | D        | Reached skill level 7 in Stealth
    13 | D        | Reached skill level 5 in Spellcasting
    13 | D        | Reached skill level 5 in Hexes
    13 | D        | Reached XP level 2. HP: 3/15 MP: 5/9
    13 | D        | Reached XP level 3. HP: 4/18 MP: 6/11
    13 | D        | Reached XP level 4. HP: 6/23 MP: 6/12
    15 | D        | Gained mutation: Your spells are a little easier to cast, but a little less powerful. [a neqoxec]
    17 | D        | Gained mutation: Potions are less effective at restoring your health. [a neqoxec]
    19 | D        | Gained mutation: You are dopey. (Int -2) [a neqoxec]
    23 | D        | Gained mutation: You are very weak. (Str -4) [a neqoxec]
    25 | D        | Lost strength.
    25 | D        | Slain by a neqoxec

Vault maps used:
D:        the_violet_keep_of_menkaure

Skill      XL: |  1 |
---------------+----+-----
Fighting       | 2 |  2.0
Short Blades   | 4 |  4.4
Armour         | 1 |  1.9
Dodging        | 6 |  6.6
Stealth        | 7 |  7.6
Spellcasting   | 5 |  5.7
Hexes          | 5 |  5.1

Action                   |  1- 3 |  4- 6 || total
-------------------------+-------+-------++-------
Melee: Dagger            |    11 |    12 ||    23
  Use: Potion            |     1 |       ||     1
Dodge: Dodged            |     3 |     2 ||     5
